AoeStats
← BigDog

Arena

510360527Analyzed
3v3 RM · 20h ago on Sep 30, 2026· 77m 24s· 6 players
Game mode
Random Map
Map size
Normal (6 player)
Population
200
Speed
Normal
Resources
Standard
Victory
Conquest
Starting age
Dark Age
Ending age
Imperial Age
RankedLock teamsTeams togetherTeam positionsShared explorationLock speedFull tech treeHidden civsTurbo modeCheats
Victory
Defeat
🇷🇺 Persians · Russia
750
+13
🇫🇷 Franks · France
713
+15
🇫🇷 Koreans · France
695
+16
🇺🇦 Portuguese · Ukraine
729
-16
🇺🇦 Byzantines · Ukraine
688
-15
🇺🇦 Tatars · Ukraine
649
-13
kingdalillian
11:52 Feudal Age
18:57 Castle Age
16:57 Double-Bit Axe
17:17 Horse Collar
17:32 Gold Mining
20:04 Heavy Plow
20:43 Gold Shaft Mining
20:21 Bow Saw
20:59 Fletching
21:11 Scale Mail Armor
22:31 Wheelbarrow
22:11 Loom
25:38 Hand Cart
30:24 Caravan
33:29 Imperial Age
31:30 Ballistics
34:14 Heavy Rocket Cart
37:11 Bodkin Arrow
37:38 Chain Mail Armor
37:33 Stone Mining
41:48 Pikeman
42:28 Squires
42:14 Arson
43:40 Chemistry
43:27 Stone Shaft Mining
42:40 Halberdier
44:16 Shinkichon
46:56 Plate Mail Armor
46:36 Forging
46:27 Bracer
47:53 Elite Fire Lancer
49:23 Iron Casting
48:30 Man-at-Arms
49:37 Long Swordsman
50:45 Two-Handed Swordsman
53:20 Champion
ren68210
13:51 Feudal Age
18:57 Castle Age
17:14 Double-Bit Axe
17:24 Stone Mining
17:25 Gold Mining
21:57 Wheelbarrow
24:47 Hand Cart
27:50 Bow Saw
31:57 Imperial Age
31:31 Husbandry
30:52 Light Cavalry
34:07 Caravan
34:09 Cavalier
36:43 Gold Shaft Mining
38:22 Chivalry
38:43 Conscription
38:40 Forging
38:36 Scale Barding Armor
39:38 Chemistry
38:59 Ballistics
41:41 Paladin
44:42 Iron Casting
44:29 Chain Barding Armor
47:20 Blast Furnace
46:59 Plate Barding Armor
RESPECT
1:10 Loom
13:07 Feudal Age
13:26 Double-Bit Axe
17:45 Castle Age
16:21 Bloodlines
17:07 Scale Barding Armor
18:51 Bow Saw
26:09 Wheelbarrow
28:23 Chain Barding Armor
29:24 Horse Collar
30:01 Forging
32:49 Iron Casting
36:32 Husbandry
39:09 Imperial Age
41:49 Hand Cart
42:40 Two-Man Saw
42:06 Town Watch
42:59 Plate Barding Armor
43:25 Blast Furnace
BigDog
8:25 Loom
11:13 Feudal Age
12:05 Double-Bit Axe
12:02 Horse Collar
20:06 Castle Age
18:37 Forging
18:33 Scale Barding Armor
21:26 Bow Saw
21:32 Heavy Plow
22:17 Stone Mining
24:00 Wheelbarrow
28:39 Hand Cart
30:37 Iron Casting
30:23 Chain Barding Armor
29:54 Fletching
33:27 Imperial Age
33:44 Scale Mail Armor
35:11 Conscription
39:34 Elite Cataphract
40:50 Hoardings
41:03 Squires
40:24 Pikeman
41:12 Halberdier
41:22 Halberdier
42:16 Halberdier
45:35 Ballistics
45:11 Murder Holes
46:17 Chemistry
45:58 Plate Barding Armor
45:38 Chain Mail Armor
45:19 Bodkin Arrow
46:14 Logistica
51:53 Plate Mail Armor
58:48 Two-Man Saw
Boshetunmay
11:34 Feudal Age
12:03 Arson
11:41 Man-at-Arms
12:29 Double-Bit Axe
17:19 Wheelbarrow
19:34 Arson
19:56 Horse Collar
24:35 Castle Age
23:51 Fletching
24:01 Stone Mining
27:46 Hand Cart
29:23 Long Swordsman
30:34 Bodkin Arrow
30:45 Scale Barding Armor
30:51 Forging
30:34 Town Watch
35:06 Squires
34:27 Pikeman
36:13 Town Patrol
36:06 Loom
42:14 Imperial Age
44:59 Bow Saw
44:49 Gold Mining
47:19 Heavy Plow
tupak
6:55 Loom
10:39 Feudal Age
Connection lost

Rejoining the realm…

Still unreachable

The connection could not be restored.

Session expired

The server has moved on; the page needs a fresh start.